 Dungeon Crawl Stone Soup version 0.26-a0-638-gcca6ad1b57 (webtiles) character file.

Game seed: 1348985707724691774

86 Kaptain the Firebug (level 4, -1/32 HPs)
             Began as a Demonspawn Fire Elementalist on Sept 14, 2020.
             Slain by Natasha (5 damage)
             ... on level 1 of the Dungeon.
             The game lasted 00:04:20 (1835 turns).

Kaptain the Firebug (Demonspawn Fire Elementalist)  Turns: 1835, Time: 00:04:21

Health: -1/32      AC:  2    Str:  9    XL:     4   Next: 26%
Magic:  1/7        EV: 12    Int: 17    God:
Gold:   30         SH:  0    Dex: 13    Spells: 7/8 levels left

rFire    . . .     SeeInvis .   d - +0 dagger
rCold    + . .     Faith    .   (no shield)
rNeg     . . .     Spirit   .   a - +0 robe
rPois    .         Reflect  .   (no helmet)
rElec    .         Harm     .   (no cloak)
rCorr    .         Rampage  .   (no gloves)
MR       .....                  (no boots)
Stlth    ++........             (no amulet)
HPRegen  0.10/turn              (no ring)
MPRegen  0.10/turn              (no ring)

@: mighty, flying, very slightly contaminated, slowed, invisible, very slow
A: cold resistance 1, powered by death 1
a: no special abilities


You were on level 1 of the Dungeon.
You visited 1 branch of the dungeon, and saw 2 of its levels.

You collected 30 gold pieces.

Inventory:

Hand Weapons
 d - a +0 dagger (weapon)
Armour
 a - a +0 robe (worn)
Scrolls
 b - a scroll of remove curse {unknown}
 g - a scroll of enchant armour {unknown}
Potions
 c - a potion of invisibility
 e - a potion of flight


   Skills:
 + Level 1.1 Fighting
 - Level 1.7 Dodging
 + Level 2.2 Stealth
 * Level 2.6 Spellcasting
 * Level 2.1 Conjurations
 * Level 3.3 Fire Magic


You had 7 spell levels left.
You knew the following spells:

 Your Spells              Type           Power        Failure   Level
a - Foxfire               Conj/Fire      ##..         6%          1

Your spell library contained the following spells:

 Spells                   Type           Power        Failure   Level
 Conjure Flame            Conj/Fire      ##......     19%         3
 Inner Flame              Hex/Fire       #.......     26%         3
 Sticky Flame             Conj/Fire      ##......     52%         4
 Fireball                 Conj/Fire      ##........   86%         5


Dungeon Overview and Level Annotations

Branches:
Dungeon (2/15)

Altars:

Annotations:
D:1 Natasha


Innate Abilities, Weirdness & Mutations

Your flesh is cold resistant. (rC+)
You regenerate a little health from kills.


Message History

You miscast Foxfire.
Nothing appears to happen.
Natasha closely misses you.
Casting: Foxfire (safe; 6% risk of failure)
Confirm with . or Enter, or press ? or * to list all spells.
You conjure some foxfire!
Natasha casts a spell at you.
You feel yourself slow down.
You barely miss Natasha.
Natasha is heavily wounded.
The foxfire hits Natasha.
Natasha is heavily wounded.
The foxfire hits Natasha but does no damage.
Natasha is heavily wounded.
Natasha claws you.
* * * LOW HITPOINT WARNING * * *
Natasha stares at you and mumbles some strange words.
You resist with some effort.
Casting: Foxfire (safe; 6% risk of failure)
Confirm with . or Enter, or press ? or * to list all spells.
You miscast Foxfire.
Nothing appears to happen.
Natasha claws you.
You die...

.##................########......
.##.#...##########.#.............
.##.#...# #.............####
.##.#...# #.#.#'#######.####
.##.#...# #.#....######.#...
###.#...# #.#....#...##.#.##
#.#...# #.#....#...##.#.##
#.....########.######...##.#.#
###.#.##......@..........#.#.#
#####.#.##.#####h######....#§#.#
......#.##.# #o#..# ####.#v#.#
#######.##.# #.#..# #.#§#.#
........##.# #.#..# #.#.#.#
##########.# #.#..######.#.#.#
...........# #.#...........#v#
#########..# #.#.#######.#...#
#..# #.#.#.....#.######


You could see an orc priest and Natasha.

Vanquished Creatures
  A howler monkey (D:2)
  A gnoll (D:2)
  An ooze (D:1)
  A worm (D:2)
  2 dart slugs (D:1)
  3 orcs
  4 bats
  3 goblins
  3 hobgoblins (D:1)
  A kobold (D:1)
  A quokka (D:2)
  4 rats (D:1)
25 creatures vanquished.

Vanquished Creatures (others)
  80 foxfires
80 creatures vanquished.

Grand Total: 105 creatures vanquished

Notes
Turn   | Place    | Note
-------+----------+-------------------------------------------
     0 | D:1      | Kaptain the Demonspawn Fire Elementalist began the quest
                  | for the Orb.
     0 | D:1      | Reached XP level 1. HP: 13/13 MP: 3/3
   327 | D:1      | Gained mutation: Your flesh is cold resistant. (rC+)
                  | [demonic ancestry]
   327 | D:1      | Reached XP level 2. HP: 19/19 MP: 1/5
   818 | D:1      | Reached skill level 3 in Fire Magic
  1391 | D:2      | Noticed a howler monkey
  1399 | D:2      | Killed a howler monkey
  1399 | D:2      | Reached XP level 3. HP: 25/25 MP: 1/6
  1533 | D:2      | Reached skill level 1 in Fighting
  1533 | D:2      | Gained mutation: You regenerate a little health from kills.
                  | [demonic ancestry]
  1533 | D:2      | Reached XP level 4. HP: 32/32 MP: 3/7
  1807 | D:2      | Noticed Natasha
  1835 | D:1      | Slain by Natasha

Illustrated notes

Levels and vault maps discovered:
D:1:      lemuel_arrival_tunnels, layout_basic, hangedman_decor_push
D:2:      layout_rooms, chequers_temple_overflow_minitemple,
          grunt_dithmenos_smoke, uniq_natasha, uniq_jessica

Skill      XL: |  1  2  3 |
---------------+----------+-----
Fire Magic     | 3 |  3.3
Stealth        | 2 |  2.2
Conjurations   | 2 |  2.1
Fighting       | 1 |  1.1
Dodging        | |  1.7
Spellcasting   | |  2.6

Action                   |  1- 3 |  4- 6 || total
-------------------------+-------+-------++-------
Melee: Dagger            |    17 |    18 ||    35
 Cast: Foxfire           |    31 |    19 ||    50
  Use: Potion            |       |     3 ||     3
Armor: Robe              |     7 |     4 ||    11
Dodge: Dodged            |    37 |    24 ||    61

Table legend: (Time is in decaauts)
 A = Elapsed time spent in this place.
 B = Non-inter-level travel time spent in this place.
 C = Inter-level travel time spent in this place.
 D = Time resting spent in this place.
 E = Time spent auto-exploring this place.
 F = Levels seen in this place.
 G = Mean time per level.
                   A        B        C        D        E       F      G
               +--------+--------+--------+--------+--------+-----+--------+
         Total |   1839 |   1700 |    139 |    538 |    927 |   2 |  919.5 |
       Dungeon |   1839 |   1700 |    139 |    538 |    927 |   2 |  919.5 |
               +--------+--------+--------+--------+--------+-----+--------+

Top non-repeatable levels by time:
     D:1: 1765 daAuts
     D:2: 73 daAuts
